 Dungeon Crawl Stone Soup version 0.21.0-3-g78d12a8 (webtiles) character file.

212 MTVSty1e the Firebug (level 5, -8/29 HPs)
             Began as a Deep Elf Fire Elementalist on Jan 14, 2018.
             Mangled by Duvessa
             ... wielding a +0 short sword
              (9 damage)
             ... on level 4 of the Dungeon.
             The game lasted 00:08:41 (3217 turns).

MTVSty1e the Firebug (Deep Elf Fire Elementalist)   Turns: 3217, Time: 00:08:42

Health: -8/29      AC:  6    Str:  3 (5)  XL:     5   Next: 58%
Magic:  3/11       EV: 12    Int: 22 (23) God:
Gold:   161        SH:  0    Dex: 12 (15) Spells: 4/10 levels left

rFire    + . .     SeeInvis .   o - +1 dagger (protect)
rCold    + . .     Gourm    .   (no shield)
rNeg     . . .     Faith    .   a - +0 robe
rPois    +         Spirit   .   p - +1 helmet
rElec    +         Reflect  .   q - -1 cloak
rCorr    +         Harm     .   (no gloves)
MR       .....                  i - +0 pair of boots
Stlth    ++........             (no amulet)
HPRegen  0.09/turn              (no ring)
MPRegen  0.12/turn              (no ring)

@: resistant, very slightly contaminated
A: clever 1, shaggy fur 1
a: no special abilities


You were on level 4 of the Dungeon.
You were hungry.

You visited 1 branch of the dungeon, and saw 4 of its levels.

You collected 161 gold pieces.

Inventory:

Hand Weapons
 d - a +0 dagger
 o - a +1 dagger of protection (weapon)
Armour
 a - a +0 robe (worn)
 i - a +0 pair of boots (worn)
 p - a +1 helmet (worn)
 q - a -1 cloak (worn)
Scrolls
 e - a scroll of blinking {unknown}
 f - 2 scrolls of remove curse
 g - a scroll of random uselessness {unknown}
 h - 5 scrolls of teleportation {unknown}
 j - a scroll of enchant armour {unknown}
 l - a scroll of identify {unknown}
 s - a scroll of noise {unknown}
Potions
 k - a potion of mutation
 m - a potion of resistance
 r - a potion of flight {unknown}
Books
 b - a book of Flames

   Spells                             Type                      Level
   a - Flame Tongue                   Conjuration/Fire             1
   b - Throw Flame                    Conjuration/Fire             2
   c - Conjure Flame                  Conjuration/Fire             3
   d - Inner Flame                    Hexes/Fire                   3
   e - Sticky Flame                   Conjuration/Fire             4
   f - Fireball                       Conjuration/Fire             5
Comestibles
 c - a ration


   Skills:
 + Level 1.5 Fighting
 - Level 1.5 Short Blades
 - Level 2.4 Dodging
 - Level 2.4 Stealth
 - Level 3.0 Spellcasting
 + Level 2.2 Conjurations
 * Level 5.7 Fire Magic


You had 4 spell levels left.
You knew the following spells:

 Your Spells              Type           Power        Failure   Level  Hunger
a - Flame Tongue          Conj/Fire      ###..        2%          1    None
b - Fireball              Conj/Fire      ###.......   54%         5    ######.


Dungeon Overview and Level Annotations

Branches:
Dungeon (4/15)
 Temple: D:4-7

Altars:
Xom

Annotations:
D:4 Dowan, Duvessa, Edmund


Innate Abilities, Weirdness & Mutations

Your mind is acute. (Int +2)
You are covered in fur. (AC +1)


Message History

Really walk into that cloud of flame?
Okay, then.
It was a potion of resistance.
You feel protected. Duvessa closely misses you.
Okay, then.
You see here 28 sling bullets.
Duvessa hits you with a short sword.
* * * LOW HITPOINT WARNING * * *
Found a viscous coppery potion.
You are no longer glowing.
Dowan gestures at you while chanting. The puff of flame hits you! You resist.
* * * LOW HITPOINT WARNING * * *
It was a potion of degeneration.
There was something very wrong with that liquid.
You feel weakened.
You feel dopey.
You feel clumsy.
Dowan casts a spell at Duvessa.
Duvessa seems to speed up.
Duvessa hits you with a short sword!
You die...

#.......# #e### ....
#.......# #v..###....
#.......# ###v#......
#.......###.....#.#
#........##...#.#.#
#........##..#e...#
#........###(...###
#........###.#e.#
###........'...#@.#
...........#####..#
....#####...........
....# #########.....
....# #......#.......
###.######.####.#.......
#.#....#<#..#.#..!....
#....#.#......#.......
###..#.#....###


You could see Duvessa, a fire vortex and Dowan.

Vanquished Creatures
  A hound (D:3)
  An orc wizard (D:3)
  Crazy Yiuf (D:2)
  An orc priest (D:3)
  Robin (D:2)
  An ooze (D:3)
  2 dart slugs
  3 leopard geckos
  3 orcs (D:3)
  2 giant cockroaches (D:3)
  12 goblins
  11 hobgoblins
  3 jackals (D:3)
  2 ball pythons
  8 bats
  A frilled lizard (D:3)
  7 kobolds
  8 rats
68 creatures vanquished.

Vanquished Creatures (others)
  A fire vortex (D:4)
1 creature vanquished.

Grand Total: 69 creatures vanquished

Notes
Turn   | Place    | Note
-------+----------+-------------------------------------------
     0 | D:1      | MTVSty1e the Deep Elf Fire Elementalist began the quest for the Orb.
     0 | D:1      | Reached XP level 1. HP: 10/10 MP: 6/6
   251 | D:1      | Reached XP level 2. HP: 13/16 MP: 6/8
   950 | D:2      | Reached skill level 4 in Fire Magic
  1006 | D:2      | Noticed Robin
  1492 | D:2      | Killed Robin
  1492 | D:2      | Reached XP level 3. HP: 19/20 MP: 4/9
  1805 | D:2      | Found a shimmering altar of Xom.
  1997 | D:2      | Found a runed door.
  2086 | D:2      | Noticed Crazy Yiuf
  2094 | D:2      | Killed Crazy Yiuf
  2094 | D:2      | Reached skill level 1 in Fighting
  2094 | D:2      | Reached skill level 1 in Short Blades
  2094 | D:2      | Reached XP level 4. HP: 5/25 MP: 2/10
  2375 | D:3      | Reached skill level 5 in Fire Magic
  2519 | D:3      | Gained mutation: You are covered in fur. (AC +1) [potion of mutation]
  2519 | D:3      | Gained mutation: Your mind is acute. (Int +2) [potion of mutation]
  2528 | D:3      | Reached XP level 5. HP: 9/29 MP: 2/11
  2772 | D:3      | Learned a level 5 spell: Fireball
  3129 | D:4      | Noticed Edmund
  3197 | D:4      | Noticed Dowan
  3198 | D:4      | Noticed Duvessa
  3216 | D:4      | HP: 1/29 [Dowan/puff of flame (5)]
  3217 | D:4      | Mangled by Duvessa

Skill      XL: |  1  2  3  4  5 |
---------------+----------------+-----
Fire Magic     | 4 5 |  5.7
Fighting       | 1 |  1.5
Short Blades   | 1 |  1.5
Conjurations   | 2 |  2.2
Dodging        | |  2.4
Stealth        | |  2.4
Spellcasting   | |  3.0

Action                   |  1- 3 |  4- 6 || total
-------------------------+-------+-------++-------
Melee: Dagger            |   102 |    87 ||   189
 Cast: Flame Tongue      |    41 |    29 ||    70
  Use: Potion            |       |     4 ||     4
       Scroll            |       |     1 ||     1
 Stab: Sleeping          |     6 |     4 ||    10
  Eat: Chunk             |     3 |     1 ||     4
       Ration            |       |     1 ||     1
Armor: Robe              |    26 |    41 ||    67
Dodge: Dodged            |    96 |    91 ||   187
